 Dungeon Crawl Stone Soup version 0.30.1-11-g7821555f0a (webtiles) character file.

Game seed: 5448886118879641997

887 Chiseanne the Trooper (level 7, -8/56 HPs)
             Began as a Demonspawn Wanderer on Nov 17, 2023.
             Mangled by a wyvern (11 damage)
             ... on level 5 of the Dungeon.
             The game lasted 00:09:15 (5143 turns).

Chiseanne the Trooper (Demonspawn Wanderer)         Turns: 5143, Time: 00:09:16

Health: -8/56      AC:  9    Str: 14    XL:     7   Next: 77%
Magic:  8/8        EV: 10    Int: 14    God:
Gold:   255        SH:  0    Dex: 12    Spells: 8/8 levels left

rFire   . . .        w - +4 morningstar (protect)
rCold   . . .        (no shield)
rNeg    . . .        x - +0 scale mail
rPois   .            (no helmet)
rElec   .            (no cloak)
rCorr   .            (no gloves)
SInv    .            r - +0 pair of boots
Will    .....        m - amulet of faith
Stlth   +            (no ring)
HPRegen 0.29/turn    (no ring)
MPRegen 0.11/turn

%: faith
@: mighty
A: hooves 1, sharp scales 1
a: no special abilities


You were on level 5 of the Dungeon.
You visited 1 branch of the dungeon, and saw 5 of its levels.

You collected 255 gold pieces.

Inventory:

Hand Weapons
 a - a +4 dagger
 u - a +2 dagger of venom
 w - a +4 morningstar of protection (weapon)
Missiles
 j - 54 stones
 o - a throwing net (quivered)
Armour
 r - a +0 pair of boots (worn)
 x - a +0 scale mail (worn)
Jewellery
 h - a ring of ice
 m - an amulet of faith (around neck)
Wands
 d - a wand of iceblast (12)
 p - a wand of charming (3)
Scrolls
 c - 2 scrolls of fog
 e - 5 scrolls of blinking
 n - a scroll of poison
 s - a scroll of teleportation
Potions
 g - 2 potions of curing
 i - a potion of lignification {unknown}
 k - 2 potions of brilliance
 l - a potion of degeneration {unknown}
 q - a potion of magic
 t - a potion of berserk rage
 v - a potion of mutation {unknown}


   Skills:
 * Level 5.4 Fighting
 * Level 4.4 Armour
 * Level 4.9 Dodging
 - Level 2.6 Stealth
 - Level 1.0 Spellcasting
 - Level 1.0 Hexes
 - Level 1.2 Invocations


You had 8 spell levels left.
You didn't know any spells.
Your spell library contained the following spells:

 Spells                   Type           Power      Damage    Failure   Level
 Slow                     Hex            12%        N/A       56%         1
 Necrotise                Necr           0%         1d4       71%         1
 Sublimation of Blood     Necr           0%         N/A       83%         2
 Wereblood                Tmut           0%         N/A       83%         2
 Tukima's Dance           Hex            3%         N/A       90%         3
 Dazzling Flash           Conj/Hex       4%         N/A       94%         3
 Vampiric Draining        Necr           0%         2d6       97%         3
 Agony                    Necr           0%         N/A       100%        5
 Silence                  Hex/Air        1%         N/A       100%        5
 Summon Hydra             Summ           0%         N/A       100%        7


Dungeon Overview and Level Annotations

Branches:
Dungeon (5/15)
 Temple: D:4-7

Altars:
Wu Jian
Yredelemnul


Innate Abilities, Weirdness & Mutations

You have large cloven feet.
You are partially covered in razor-sharp scales. (AC +1, Slay +1)


Message History

The water moccasin bites you but does no damage.
You miss the water moccasin.
The water moccasin is heavily wounded.
You feel very sick.
The water moccasin bites you but does no damage. x2
You thump the water moccasin!
You kill the water moccasin!
You feel very sick. The wyvern completely misses you.
The wyvern barely misses you.
You feel much better.
You feel sick.
The wyvern bites you but does no damage.
You impale the wyvern!!
The wyvern is severely wounded.
You feel sick.
The wyvern bites you but does no damage.
The wyvern bites you!
You hit the wyvern.
The wyvern is almost dead.
You feel sick. The wyvern bites you.
The wyvern bites you but does no damage.
The wyvern barely misses you.
You barely miss the wyvern.
The wyvern is almost dead.
You feel sick. The wyvern barely misses you. The wyvern closely misses you.
You barely miss the wyvern.
The wyvern is almost dead.
You feel sick.
You are no longer poisoned.
The wyvern bites you!
* * * LOW HITPOINT WARNING * * *
The wyvern bites you!
* * * LOW HITPOINT WARNING * * *
You feel better.
The wyvern bites you but does no damage. x2
You closely miss the wyvern.
The wyvern is almost dead.
The wyvern bites you!
* * * LOW HITPOINT WARNING * * *
The wyvern bites you!
You die...

.P.P #.# .._. #.#
.P.P. #.# $.. ..# ...
### .#.##.###
........# #.#######
#..l@...# #.#####.#
### #.###
#.##########.## #...#
#.##...........
#.#.###....#.#####.##
#.#..........# #.#
.≈##.######### #.#
#.≈##.# ##.## #.≈##.#
#....


You could see a wyvern.

Vanquished Creatures
  Sigmund (D:2)
  A water moccasin (D:5)
  A phantom (D:5)
  Blork the orc (D:4)
  A gnoll bouda (D:5)
  An orc priest (D:4)
  4 hounds
  A jelly (D:4)
  An orc wizard (D:4)
  8 adders
  4 gnolls
  2 worms (D:3)
  2 dart slugs
  2 orcs
  9 ball pythons
  11 endoplasms
  A giant cockroach (D:3)
  12 hobgoblins
  4 jackals (D:1)
  3 kobolds
  4 quokkas
  9 bats
  7 frilled lizards
  12 goblins
  7 rats
109 creatures vanquished.

Vanquished Creatures (others)
  Ijyb (D:5)
  A goblin (D:4)
2 creatures vanquished.

Grand Total: 111 creatures vanquished

Notes
Turn   | Place    | Note
-------+----------+-------------------------------------------
     0 | D:1      | Chiseanne the Demonspawn Wanderer began the quest for the
                  | Orb.
     0 | D:1      | Chiseanne set off with the following items: a +3 dagger, a
                  | potion of invisibility, a scroll of fog, a +0 robe; and the
                  | following spell memorised: Slow; and the following spells
                  | available to memorise: Tukima's Dance.
     0 | D:1      | Reached XP level 1. HP: 16/16 MP: 2/2
   361 | D:1      | Gained mutation: You are partially covered in razor-sharp
                  | scales. (AC +1, Slay +1) [demonic ancestry]
   361 | D:1      | Reached XP level 2. HP: 22/22 MP: 3/3
   466 | D:1      | Reached skill level 1 in Armour
  1014 | D:1      | Reached XP level 3. HP: 23/28 MP: 4/4
  1361 | D:2      | Noticed Sigmund
  1558 | D:2      | Killed Sigmund
  1559 | D:2      | Reached skill level 3 in Fighting
  1559 | D:2      | Reached XP level 4. HP: 28/37 MP: 5/5
  1559 | D:2      | Reached XP level 5. HP: 31/42 MP: 6/6
  2252 | D:3      | Reached skill level 4 in Fighting
  2316 | D:3      | Reached XP level 6. HP: 47/48 MP: 7/7
  3552 | D:4      | Noticed Blork the orc
  3571 | D:4      | Killed Blork the orc
  3957 | D:4      | Found an ornate altar of the Wu Jian Council.
  4075 | D:5      | Entered Level 5 of the Dungeon
  4447 | D:4      | Gained mutation: You have large cloven feet. [demonic
                  | ancestry]
  4447 | D:4      | Reached XP level 7. HP: 53/55 MP: 8/8
  4826 | D:5      | Reached skill level 5 in Fighting
  5014 | D:5      | Noticed Ijyb
  5020 | D:5      | Killed Ijyb
  5122 | D:5      | Found a basalt altar of Yredelemnul.
  5122 | D:5      | Noticed a wyvern
  5143 | D:5      | Mangled by a wyvern

Illustrated notes

Levels and vault maps discovered:
D:1:      evilmike_arrival_crescent, layout_basic, minivault_24,
          chequers_serial_rivers_large_b, amcnicky_mini_pool_small,
          kennysheep_small_spiral, minmay_pentomino_s2
D:2:      layout_loops_cross, uniq_sigmund
D:3:      layout_basic, lightli_sewer_entry_pipes
D:4:      minmay_razor_zed, layout_basic, lemuel_round_altar, st_stairs_10,
          nicolae_figureground_pulse, uniq_blork_the_orc
D:5:      layout_loops_ring, marbit_many_paths, yredelemnul_altar_generic,
          nicolae_overflow_squiral, uniq_ijyb

Skill      XL: |  1  2  3  4  5  6  7 |
---------------+----------------------+-----
Dodging        | 2 3 4 |  4.9
Armour         | 1 2 3 4 |  4.4
Fighting       | 3 4 5 |  5.4
Stealth        | |  2.6
Spellcasting   | |  1.0
Hexes          | |  1.0
Invocations    | |  1.2

Action                     |  1- 3 |  4- 6 |  7- 9 || total
---------------------------+-------+-------+-------++-------
  Melee: Dagger            |    98 |   186 |       ||   284
         Punch             |     2 |     2 |       ||     4
         Morningstar       |       |     6 |    90 ||    96
  Throw: Stone             |       |     2 |       ||     2
         Throwing net      |       |     1 |       ||     1
  Evoke: Wand              |       |     1 |       ||     1
    Use: Scroll            |     6 |    11 |     1 ||    18
         Potion            |     2 |       |     4 ||     6
   Stab: Sleeping          |     5 |     7 |       ||    12
         Invisible         |     3 |       |       ||     3
 Armour: Robe              |    21 |    16 |       ||    37
         Leather armour    |       |    23 |       ||    23
         Ring mail         |       |    11 |     7 ||    18
         Scale mail        |       |       |    61 ||    61
  Dodge: Dodged            |    73 |   118 |    59 ||   250
